 Dungeon Crawl Stone Soup version 0.22.2-1-ge965b3a (webtiles) character file.

231 Exporg the Shield-Bearer (level 5, -3/47 HPs)
             Began as a Minotaur Fighter on Apr 25, 2019.
             Was a Believer of Dithmenos.
             Killed by nerve-wracking pain
             ... invoked by an orc priest
              (14 damage)
             ... on level 3 of the Dungeon.
             The game lasted 00:06:16 (2805 turns).

Exporg the Shield-Bearer (Minotaur Fighter)         Turns: 2805, Time: 00:06:16

Health: -3/47      AC: 10    Str: 21    XL:     5   Next: 73%
Magic:  4/4        EV:  6    Int:  5    God:    Dithmenos [**....]
Gold:   254        SH:  9    Dex: 10    Spells: 4/4 levels left

rFire    . . .     SeeInvis .   a - +0 war axe
rCold    . . .     Gourm    .   c - +0 shield
rNeg     . . .     Faith    .   p - +0 chain mail
rPois    .         Spirit   .   (helmet restricted)
rElec    .         Reflect  .   v - +0 cloak
rCorr    .         Harm     .   (no gloves)
MR       .....                  (no boots)
Stlth    ..........             (no amulet)
HPRegen  0.15/turn              g - ring of attention (curse)
MPRegen  0.09/turn              k - ring of attention (curse)

@: wreathed by umbra
A: retaliatory headbutt, horns 2
a: Shadow Step, Renounce Religion


You were on level 3 of the Dungeon.
You worshipped Dithmenos.
Dithmenos was pleased with you.
You were not hungry.

You visited 1 branch of the dungeon, and saw 3 of its levels.

You collected 254 gold pieces.

Inventory:

Hand Weapons
 a - a +0 war axe (weapon)
Armour
 b - a +0 scale mail
 c - a +0 shield (worn)
 p - a +0 chain mail (worn)
 r - a scarf of resistance
 v - a +0 cloak (worn)
 y - a +0 plate armour
Jewellery
 g - a cursed ring of attention (left hand)
 k - a cursed ring of attention (right hand)
Scrolls
 e - 2 scrolls of teleportation {unknown}
 h - a scroll of identify {unknown}
 i - 3 scrolls of remove curse {unknown}
 m - 2 scrolls of enchant weapon {unknown}
 q - a scroll of amnesia {unknown}
 t - a scroll of enchant armour {unknown}
 x - 2 scrolls of magic mapping {unknown}
Potions
 d - a potion of might
 j - a potion of curing
 l - a potion of haste
 n - a potion of lignification {unknown}
 o - a potion of agility {unknown}
 s - a potion of degeneration {unknown}
 w - a potion of brilliance {unknown}
Comestibles
 f - 2 rations
 u - 3 chunks of flesh


   Skills:
 + Level 4.6 Fighting
 + Level 4.6 Axes
 + Level 4.2 Armour
 + Level 2.1 Dodging
 + Level 4.8 Shields


You had 4 spell levels left.
You didn't know any spells.
Your spell library was empty.

Dungeon Overview and Level Annotations

Branches:
Dungeon (3/15)

Altars:
Dithmenos
Zin
Beogh


Innate Abilities, Weirdness & Mutations

You reflexively headbutt those who attack you in melee.
You have a pair of horns on your head.


Message History

It was a potion of curing.
You feel better.
You closely miss the orc. You headbutt the orc.
The orc is lightly wounded.
The orc hits you with a mace.
* * * LOW HITPOINT WARNING * * *
Unknown command.
Your shield and chain mail prevent you from hitting the orc.
Your headbutt misses the orc.
The orc is lightly wounded.
The orc hits you but does no damage.
Unknown command.
You slash the orc!
You kill the orc!
Dithmenos accepts your kill.
You hit the orc priest.
You headbutt the orc priest, but do no damage.
The orc priest is almost dead.
The orc priest mumbles some strange prayers to Beogh against you.
Pain shoots through your body!
You die...

#.....##
#......##.#
##...##
###.##.##.# #+##
#.......#
####.#### #.# #.#
# ##### #.# ..o
#...# #.#
...(##.[.### #@#
#..#.......####o#
#...!.......o..o#
#..#.......######
###...### #...#
##### #.# #.#


You could see an orc priest and an orc.

Vanquished Creatures
  An orc priest (D:3)
  An orc wizard (D:3)
  Terence (D:2)
  A gnoll (D:2)
  5 adders
  An ooze (D:2)
  A worm (D:3)
  2 dart slugs
  2 leopard geckos (D:3)
  8 orcs (D:3)
  6 giant cockroaches
  5 hobgoblins
  6 jackals (D:1)
  3 quokkas
  5 bats
  A frilled lizard (D:1)
  7 goblins
  10 kobolds
  A leopard gecko skeleton (D:2)
  8 rats
75 creatures vanquished.

Notes
Turn   | Place    | Note
-------+----------+-------------------------------------------
     0 | D:1      | Exporg the Minotaur Fighter began the quest for the Orb.
     0 | D:1      | Reached XP level 1. HP: 19/19 MP: 0/0
    60 | D:1      | Reached XP level 2. HP: 17/27 MP: 1/1
   484 | D:1      | Reached XP level 3. HP: 27/33 MP: 2/2
   988 | D:2      | Noticed Terence
  1001 | D:2      | Killed Terence
  1001 | D:2      | Reached XP level 4. HP: 41/41 MP: 3/3
  1102 | D:2      | Found a faded altar of an unknown god.
  1232 | D:2      | Became a worshipper of Dithmenos the Shadowed
  1232 | D:2      | Reached * piety under Dithmenos
  1676 | D:3      | Found a glowing silver altar of Zin.
  2094 | D:3      | Reached XP level 5. HP: 40/47 MP: 4/4
  2210 | D:3      | Found a roughly hewn altar of Beogh.
  2239 | D:3      | Reached skill level 1 in Dodging
  2782 | D:3      | Reached ** piety under Dithmenos
  2805 | D:3      | Killed from afar by an orc priest

Skill      XL: |  1  2  3  4  5 |
---------------+----------------+-----
Fighting       | 4 |  4.6
Shields        | 4 |  4.8
Armour         | 4 |  4.2
Axes           | 3 4 |  4.6
Dodging        | 2 |  2.1

Action                   |  1- 3 |  4- 6 || total
-------------------------+-------+-------++-------
Melee: War axe           |   129 |   109 ||   238
       Headbutt          |    16 |    18 ||    34
  Use: Potion            |       |     2 ||     2
  Eat: Ration            |       |     1 ||     1
       Chunk             |       |     3 ||     3
Armor: Scale mail        |    82 |       ||    82
       Chain mail        |       |    40 ||    40
Dodge: Dodged            |    41 |    25 ||    66
Block: Shield            |    64 |    51 ||   115
